Map: Бюро находок РВ

Players

Murena - Winner!

  • Race: Terran Terran
  • League: Bronze
  • Spawn Location: 7:00

ИИ 1 (новичок)

  • Race: Terran Terran
  • Spawn Location: 1:00

VOD

Have the link to the VOD?

Description

Time

  • Played on: Nov. 19, 2018, 10:07 a.m.
  • Length: 7:47
Show
View Real Time Build Order
Export as new Build Order

Murena Terran - Winner!

Build Orders:  

Get SALT Encoding   

  12  0:01  SCV  
  13  0:14  Supply Depot  
  13  0:17  SCV  
  14  0:30  SCV  
  15  0:38  Barracks  
  15  0:42  SCV  
  16  0:47  Refinery  
  16  0:54  SCV  
  17  1:06  SCV  
  18  1:17  Barracks  
  18  1:27  Supply Depot  
  18  1:31  Marine  
  19  1:36  SCV  
  20  1:45  Refinery  
  20  1:48  SCV  
  20  1:49  Marine  
  22  1:57  Factory  
  22  2:06  Barracks  
  22  2:08  Marine  
  23  2:13  Marine  
  24  2:17  SCV  
  25  2:26  Marine  
  26  2:31  Marine  
  26  2:35  Orbital Command  
  27  2:39  Supply Depot  
  27  2:47  Barracks Tech Lab  
  27  2:49  Marine  
  27  2:50  Factory Tech Lab  
  28  2:55  Barracks Tech Lab  
  28  3:00  SCV  
  29  3:06  Supply Depot  
  29  3:11  Siege Tank  
  32  3:17  Marauder  
  34  3:22  Marauder  
  34  3:24  Marine  
  37  3:30  SCV  
  38  3:40  Marauder  
  40  3:42  SCV  
  40  3:43  Marauder  
  40  3:45  Hellion  
  45  3:54  SCV, Marine  
  47  4:07  Supply Depot  
  47  4:29  Marauder, Marine x2, Siege Tank, Engineering Bay  
  54  4:36  SCV  
  55  4:40  Concussive Shells  
  55  4:52  Marauder, Supply Depot  
  54  4:53  Marauder  
  44  5:02  Siege Tank  
  44  5:03  Marine  
  41  5:12  Marine  
  42  5:14  Marauder  
  42  5:21  Marine  
  44  5:22  Missile Turret  
  44  5:26  Terran Infantry Armor Level 1  
  45  5:31  Marauder  
  45  5:33  SCV  
  45  5:34  Hellion  
  45  5:35  Marine  
  50  5:39  Marine  
  52  5:52  Marauder  
  52  5:53  Marine  
  55  6:05  Command Center  
  55  6:11  Barracks Tech Lab  
  53  6:20  Combat Shield  
  53  6:23  Marauder  
  53  6:25  Marauder  
  57  6:26  Siege Tank  
  57  6:28  SCV  
  61  6:41  Bunker  
  61  6:44  Marauder  
  63  6:54  Marauder  
  63  6:59  Supply Depot  
  63  7:00  Supply Depot  
  63  7:16  SCV  
  67  7:34  Starport  
  67  7:38  Barracks  
Show
View Real Time Build Order
Export as new Build Order

ИИ 1 (новичок) Terran 

Build Orders:  

Get SALT Encoding   

  12  0:00  SCV  
  13  0:15  Supply Depot  
  13  0:16  SCV  
  14  0:28  SCV  
  14  0:29  Refinery  
  15  0:41  SCV  
  16  0:47  Barracks  
  16  1:01  Barracks  
  16  1:14  Barracks  
  16  1:16  SCV  
  17  1:28  Supply Depot  
  17  1:32  SCV  
  18  1:37  Reaper  
  19  1:47  Marine  
  20  2:01  SCV  
  21  2:05  Marine x2  
  23  2:11  Marine  
  23  2:13  SCV  
  25  2:23  Marine x2  
  25  2:25  Supply Depot  
  25  2:29  Marine  
  28  2:38  Barracks  
  28  2:41  Barracks Tech Lab  
  28  2:42  Barracks Tech Lab  
  28  2:48  Barracks Tech Lab  
  28  2:59  Combat Shield  
  28  3:00  Concussive Shells  
  28  3:03  Marauder  
  30  3:11  Marauder  
  32  3:14  SCV  
  33  3:25  Supply Depot  
  33  3:26  SCV  
  34  3:38  Marine  
  34  3:39  Orbital Command  
  35  3:44  Marine  
  36  3:50  Marine  
  37  3:55  Marine  
  37  4:01  Marine  
  39  4:06  SCV  
  39  4:07  Marauder  
  42  4:13  Marauder  
  42  4:15  Supply Depot  
  44  4:18  Marine  
  44  4:24  Marine  
  44  4:30  Marauder  
  47  4:37  Barracks Reactor, Marauder  
  49  4:40  Factory  
  49  4:43  Supply Depot  
  49  4:48  Marauder  
  51  4:54  Marine  
  51  4:59  Marine  
  42  5:08  Marine  
  42  5:11  Marine  
  44  5:17  Marine  
  45  5:23  Marine  
  45  5:26  SCV  
  47  5:28  Marine  
  47  5:33  Command Center  
  47  5:34  Marine  
  49  5:41  Marine  
  47  5:47  Marauder  
  45  5:52  Marine  
  46  5:58  Marine  
  47  6:04  Marine  
  47  6:10  Barracks, Marauder  
  50  6:12  SCV  
  50  6:16  Marauder  
  45  6:21  Marine  
  46  6:27  Marine  
  47  6:33  Marine  
  47  6:37  SCV  
  47  6:38  Marine  
  50  6:44  Supply Depot  
  50  6:45  Marauder  
  52  6:51  Marauder  
  44  6:56  Marine  
  44  6:59  Barracks Tech Lab  
  36  7:02  Marine  
  36  7:08  Marine  
  32  7:14  Marauder  
  31  7:20  Marine  
  27  7:24  SCV  
Tags
 
Add a new tag
Caveats
  • Supply blocks, unpowered buildings, or Contaminate may cause inaccurate times.
  • Supply counts are checked every 10 seconds.